Unix NetHack Version 3.7.0-89 Work-in-progress - last build Sep 7 2023 15:16:41 (8494bff02b67719303c47e298deaa89034127798,branch:master). Game began 2023-09-23 18:40:24, ended 2023-09-24 10:24:42. Arasaka, lawful male dwarven Caveman ---- |..--- --- |....| --.----- --...-- --......-- |....--- |........--------- --.---..--- --.@o-............---- . --.-- |.<..- --- |..|.......-----.....---.| ---.)| |..... |..-- ---.---.---..| --)....^.........| --.... |...| --.).| |.| ---- |..............>---...- -..| |..--- |.----- ---.................. |..---.-- |...^.---- --..)..).......... |......| --...%.)..---- --.)%[.%......).. |.---..| |............--- ----.|......... |(|--..------.--..........-- -----...---.. |.||......| -- ---.........---- |...--|... |.||.--..)| --............| --.-..--.... --.| |..-- |...........|.| |...-........ |..| ---- --........----- --...---..... |..| ----..---- --.-- --.)-- ---- ---- --- ---- Arasaka the Wanderer St:17 Dx:12 Co:18 In:7 Wi:9 Ch:9 Lawful Dlvl:4 $:234 HP:0(79) Pw:9(9) AC:1 Xp:8/2049 T:7013 Latest messages: The hill orc throws a crude dagger! A crude dagger misses you. You kill the hill orc! The hill orc throws a crude dagger! It is missed. A crude dagger misses you. The hill orc throws a crude dagger! You are almost hit by a crude dagger. You kill the hill orc! The hill orc throws a crude dagger! A crude dagger misses you. You kill the hill orc! The hill orc picks up an iron skull cap. You see here a crude dagger. The hill orc picks up 3 crude daggers. You hit the hill orc. The hill orc swings her curved sword. The hill orc hits! The hill orc picks up an iron skull cap. The hill orc picks up a curved sword. The hill orc picks up a crude dagger. The hill orc swings his curved sword. The hill orc hits! The hill orc puts on an iron skull cap. The hill orc picks up an arrow. The hill orc puts on a red-eyed shield. You hear crashing rock. You hear rumbling in the distance. You miss the hill orc. The hill orc swings her curved sword. The hill orc hits! The hill orc throws a crude dagger! You are hit by a crude dagger. You hear the howling of the CwnAnnwn... The hill orc picks up a crude dagger. What do you want to zap? [kqx or ?*] In what direction? The wand hits the hill orc. What do you want to zap? [kqx or ?*] In what direction? The wand misses the hill orc. The hill orc wields a curved sword! You kill the hill orc! P - a scroll labeled FNORD. $ - 16 gold pieces (234 in total). There are several more objects here. You hit the hill orc! The hill orc swings her curved sword. The hill orc hits! You die... Inventory: Coins ('$') $ - 234 gold pieces Weapons (')') b - an uncursed +2 sling I - an uncursed +1 club (alternate weapon; not wielded) a - the uncursed +0 Grayswandir (weapon in hand) Armor ('[') B - an uncursed +0 orcish helm (being worn) U - an uncursed +0 pair of gauntlets of dexterity (being worn) v - an uncursed +0 pair of iron shoes (being worn) A - an uncursed +0 elven mithril-coat (being worn) Comestibles ('%') g - 5 uncursed food rations O - 2 uncursed lembas wafers N - an uncursed tripe ration e - an uncursed tin of french fried rothe meat Scrolls ('?') P - an uncursed scroll of identify y - an uncursed scroll of scare monster Potions ('!') J - a blessed potion of object detection Wands ('/') x - an uncursed wand of fire (0:4) q - an uncursed wand of opening (0:1) k - an uncursed wand of striking (0:2) Tools ('(') z - an uncursed sack containing 5 items s - an uncursed bag of tricks (0:0) D - an uncursed brass lantern (lit) S - an uncursed magic whistle W - an uncursed +0 pick-axe i - an uncursed skeleton key Gems/Stones ('*') L - an uncursed worthless piece of black glass M - an uncursed worthless piece of orange glass K - an uncursed worthless piece of red glass E - an uncursed worthless piece of white glass c - 11 uncursed flint stones (in quiver pouch) Contents of the sack: a blessed wand of cancellation (0:2) an uncursed wand of polymorph (0:4) an uncursed worthless piece of blue glass an uncursed worthless piece of red glass an uncursed worthless piece of yellow glass Arasaka the Caveman's attributes: Background: You were a Wanderer, a level 8 dwarven Caveman. You were lawful, on a mission for Anu who was opposed by Ishtar (neutral) and Anshar (chaotic). You were in the Gnomish Mines, on level 4. You entered the dungeon 7013 turns ago. You had 2049 experience points, 511 more were needed to attain level 9. Basics: You had 0 out of 79 hit points. You had all 9 energy points (spell power). Your armor class was 1. Your wallet contained 234 zorkmids. Autopickup was on for '$"?' plus thrown, with exceptions. Final Characteristics: Your strength was 17 (peak:18/05, limit:18/100). Your dexterity was 12 (limit:20). Your constitution was 18 (limit:20). Your intelligence was 7 (limit:16). Your wisdom was 9 (limit:16). Your charisma was 9 (limit:16). Final Status: You were not hungry. You were unencumbered. You were wielding a saber. You had basic skill with saber. Final Attributes: You were piously aligned. You were poison resistant. You resisted hallucinations. You were telepathic. You had infravision. You were guarded. You were fast. You were lucky. You are dead. Miscellaneous: You disabled loading of bones levels. Total elapsed playing time was 44 minutes and 6 seconds. Major events: Turn 1: Arasaka the lawful dwarven Caveman entered the dungeon 658: attained the rank of Aborigine (level 3) 706: entered the Gnomish Mines 2749: reached Mine Town 3036: attained the rank of Wanderer (level 6) 4059: entered Sokoban 4349: completed 1st Sokoban level 5194: completed 2nd Sokoban level 6449: was bestowed with Grayswandir by Anu 7013: killed by a hill orc Vanquished creatures: 2 small mimics a large dog 2 tengu 3 giant beetles a cockatrice 5 wolves a lynx a spotted jelly an orc-captain an ice vortex an orc mummy a lizard a housecat 2 snakes a Woodland-elf a bugbear an imp a water nymph a mountain nymph 8 Mordor orcs 8 Uruk-hai a rock piercer a rock mole a fog cloud 4 yellow lights a gnomish wizard a kobold mummy a gray ooze 2 elf zombies a ghoul 4 giant ants 4 floating eyes 3 dwarves a kobold leader 9 hill orcs a rothe a centipede 4 giant bats a monkey an orc zombie a werejackal 3 iguanas 4 killer bees 2 acid blobs a hobbit a large kobold a giant rat 2 yellow molds 3 green molds 4 gnomes 5 geckos 8 jackals 2 foxes 2 kobolds 2 goblins 3 sewer rats 4 grid bugs a bat 4 lichens 4 newts 143 creatures vanquished. No species were genocided or became extinct. Voluntary challenges: You read items or engraved 11 times. You engraved Elbereth 2 times. You never genocided any monsters. You never polymorphed an object. You never changed form. You used no wishes. You did not violate any of the special Sokoban rules. Achievements: You attained the rank of Aborigine. You entered the Gnomish Mines. You entered a shop. You entered Minetown. You entered a temple. You attained the rank of Wanderer. You entered Sokoban. The Dungeons of Doom: levels 1 to 10 Level 1: Level 2: "dog" Level 3: A fountain. Stairs down to The Gnomish Mines. Level 4: A fountain. Level 5: A jewelers. Level 6: An armor shop, a grave. Level 7: A general store. Level 8: Level 9: "v" Stairs up to Sokoban, level 8. Level 10: The Gnomish Mines: levels 4 to 7 Level 4: <- You were here. Final resting place for you, killed by a hill orc. Level 5: Level 6: "poly wand" Some shops, a temple to Anu, some fountains. Level 7: Sokoban: levels 8 up to 7 Level 7: Solved. Level 8: Solved. Game over: ---------- / \ / REST \ / IN \ / PEACE \ / \ | Arasaka | | 234 Au | | killed by a hill | | orc | | | | | | 2023 | *| * * * | * _________)/\\_//(\/(/\)/\//\/|_)_______ Goodbye Arasaka the Caveman... You died in The Gnomish Mines on dungeon level 4 with 8867 points, and 234 pieces of gold, after 7013 moves. You were level 8 with a maximum of 79 hit points when you died.